 Dungeon Crawl Stone Soup version 0.27-a0-1196-g3e9cee4cb2 (webtiles) character file.

Game seed: 11089876969795548645

234140 Gargoyl the Envoy of Void (level 19, -4/152 HPs)
             Began as a Gnoll Abyssal Knight on May 29, 2021.
             Was a High Priest of Lugonu.
             Slain by a vault warden
             ... wielding a +0 dire flail
              (39 damage)
             ... on level 3 of the Vaults.
             The game lasted 00:56:34 (45013 turns).

Gargoyl the Envoy of Void (Gnoll Abyssal Knight)   Turns: 45013, Time: 00:56:35

Health: -4/152     AC: 41    Str: 19 (20) XL:     19   Next: 59%
Magic:  35/35      EV: 11    Int: 17      God:    Lugonu [*****.]
Gold:   1657       SH: 20    Dex: 14 (16) Spells: 43/43 levels left

rFire    + . .     SeeInvis .   D - +8 war axe "Lurhear" {flame, rElec}
rCold    + . .     Faith    .   a - +2 kite shield
rNeg     . . .     Spirit   .   m - +13 plate armour of Fortification {Int+4}
rPois    +         Reflect  +   C - +0 helmet of Purpose {rC+ rCorr}
rElec    +         Harm     .   j - +2 cloak {rPois}
rCorr    +         Rampage  .   l - +2 pair of gloves
Will     +....                  A - +0 pair of boots {Stlth+}
Stlth    ++........             F - amulet of reflection
HPRegen  0.00/turn              i - ring of Feyczu {rElec rF+ Int+2 Slay+4}
MPRegen  0.24/turn              y - ring of Knowledge {rCorr Dex+4 Slay+4}

@: studying Translocations
A: fangs 1, strong nose, distributed training, iridescent scales 1,
deterioration 2, dopey 1, inhibited regeneration, strong 1
}: 1/15 runes: gossamer
a: Renounce Religion, Depart the Abyss, Bend Space, Banish, Corrupt, Enter the
Abyss


You were on level 3 of the Vaults.
You worshipped Lugonu.
Lugonu was extremely pleased with you.
You visited 5 branches of the dungeon, and saw 30 of its levels.
You visited the Abyss 3 times.
You also visited: Bailey.

You collected 4348 gold pieces.
You spent 2691 gold pieces at shops.

Inventory:

Hand Weapons
 d - a +8 spectral war axe
 x - a +1 hand axe of electrocution
 D - the +8 war axe "Lurhear" (weapon) {flame, rElec}
   (You found it on level 11 of the Dungeon)

   It has been specially enchanted to burn those struck by it, causing extra
   injury to most foes and up to half again as much damage against particularly
   susceptible opponents.
   Big, fiery blades are also staple armaments of hydra-hunters.
   It insulates you from electricity.
 L - a +3 war axe of electrocution
 W - the +10 flail "Killer Klown's Bane" {holy, +Blink rElec rPois}
   (You found it on level 14 of the Dungeon)

   It has been blessed by the Shining One to cause great damage to the undead
   and demons.
   It insulates you from electricity.
   It protects you from poison.
   It lets you blink.
Missiles
 p - 87 poisoned darts (quivered)
 E - 3 throwing nets
 N - 4 curare-tipped darts
 T - 3 atropa-tipped darts
Armour
 a - a +2 kite shield (worn)
 j - a +2 cloak of poison resistance (worn)
 l - a +2 pair of gloves (worn)
 m - the +13 plate armour of Fortification (worn) {Int+4}
   (You found it on level 4 of the Dungeon)

   It affects your intelligence (+4).
 A - a +0 pair of boots of stealth (worn)
 C - the +0 helmet of Purpose (worn) {rC+ rCorr}
   (You found it on level 5 of the Lair of Beasts)

   It protects you from cold.
   It protects you from acid and corrosion.
Jewellery
 i - the ring of Feyczu (left hand) {rElec rF+ Int+2 Slay+4}
   (You acquired it on level 1 of the Lair of Beasts)

   [ring of slaying]

   It affects your intelligence (+2).
   It affects your accuracy and damage with ranged weapons and melee attacks
   (+4).
   It protects you from fire.
   It insulates you from electricity.
 s - an amulet of magic regeneration
 y - the ring of Knowledge (right hand) {rCorr Dex+4 Slay+4}
   (You bought it in a shop on level 1 of the Vaults)

   [ring of resist corrosion]

   It affects your dexterity (+4).
   It affects your accuracy and damage with ranged weapons and melee attacks
   (+4).
   It protects you from acid and corrosion.
 F - an amulet of reflection (around neck)
 G - a ring of willpower
 O - a ring of poison resistance
 V - a ring of protection from cold
 Y - a +6 ring of strength
Wands
 c - a wand of iceblast (17)
 h - a wand of polymorph (16)
 k - a wand of paralysis (5)
 t - a wand of flame (58)
 v - a wand of acid (18)
 B - a wand of digging (1)
 U - a wand of mindburst (27)
Scrolls
 b - a scroll of holy word
 f - 3 scrolls of fog
 n - 17 scrolls of identify
 u - a scroll of enchant weapon
 J - 2 scrolls of blinking
 Q - a scroll of teleportation
 R - a scroll of magic mapping
Potions
 e - a potion of magic
 g - 2 potions of might
 q - 5 potions of flight
 r - a potion of invisibility
 w - 5 potions of brilliance
 z - a potion of mutation
 I - 2 potions of resistance
 K - 9 potions of ambrosia
 P - a potion of curing
 S - 3 potions of cancellation
 X - 2 potions of berserk rage
Miscellaneous
 o - a piece from Xom's chessboard (15/15)
 H - a piece from Xom's chessboard (15/15)
 M - a piece from Xom's chessboard (15/15)


   Skills:
 + Level 14.1 Fighting
 + Level 12.9 Short Blades
 + Level 12.9 Long Blades
 + Level 13.5 Axes
 + Level 12.9 Maces & Flails
 + Level 12.9 Polearms
 + Level 12.9 Staves
 + Level 12.9 Slings
 + Level 12.9 Bows
 + Level 12.9 Crossbows
 + Level 12.9 Throwing
 + Level 13.5 Armour
 + Level 13.1 Dodging
 + Level 12.9 Stealth
 + Level 12.9 Shields
 + Level 12.9 Unarmed Combat
 + Level 12.9 Spellcasting
 + Level 11.0 Conjurations
 + Level 11.0 Hexes
 + Level 11.0 Summonings
 + Level 11.0 Necromancy
 + Level 14.0 Translocations
 + Level 11.0 Transmutations
 + Level 11.0 Fire Magic
 + Level 11.0 Ice Magic
 + Level 11.0 Air Magic
 + Level 11.0 Earth Magic
 + Level 11.0 Poison Magic
 + Level 14.5 Invocations
 + Level 12.9 Evocations


You had 43 spell levels left.
You didn't know any spells.
Your spell library contained the following spells:

 Spells                   Type           Power      Damage    Failure   Level
 Animate Skeleton         Necr           96%        N/A       1%          1
 Corona                   Hex            53%        N/A       1%          1
 Foxfire                  Conj/Fire      100%       2x1d9     1%          1
 Sandblast                Erth           96%        2d20      1%          1
 Shock                    Conj/Air       100%       1d9       1%          1
 Blink                    Tloc           N/A        N/A       1%          2
 Corpse Rot               Necr/Air       N/A        N/A       1%          2
 Ensorcelled Hibernation  Hex/Ice        96%        N/A       1%          2
 Passwall                 Tmut/Erth      40%        N/A       1%          2
 Slow                     Hex            48%        N/A       1%          2
 Static Discharge         Conj/Air       48%        N/A       1%          2
 Sublimation of Blood     Necr           24%        N/A       1%          2
 Gell's Gravitas          Tloc           28%        N/A       1%          3
 Lesser Beckoning         Tloc           28%        N/A       1%          3
 Portal Projectile        Hex/Tloc       100%       N/A       1%          3
 Teleport Other           Tloc           56%        N/A       1%          3
 Inner Flame              Hex/Fire       48%        N/A       3%          3
 Stone Arrow              Conj/Erth      96%        3d13      3%          3
 Swiftness                Air            48%        N/A       3%          3
 Manifold Assault         Tloc           56%        N/A       11%         5
 Airstrike                Air            24%        N/A       13%         4
 Cause Fear               Hex            24%        N/A       13%         4
 Dispel Undead            Necr           48%        3d18      13%         4
 Hailstorm                Conj/Ice       48%        3d11      13%         4
 Ice Form                 Ice/Tmut       48%        N/A       13%         4
 Leda's Liquefaction      Hex/Erth       24%        N/A       13%         4
 Petrify                  Tmut/Erth      48%        N/A       13%         4
 Sticky Flame             Conj/Fire      48%        2d7       13%         4
 Summon Ice Beast         Ice/Summ       48%        N/A       13%         4
 Agony                    Necr           48%        N/A       34%         5
 Bolt of Magma            Conj/Fire/Erth 24%        4d12      34%         5
 Borgnjor's Vile Clutch   Necr/Erth      24%        N/A       34%         5
 Excruciating Wounds      Necr           24%        N/A       34%         5
 Fireball                 Conj/Fire      24%        3d11      34%         5
 Lee's Rapid Deconstruct  Erth           24%        3d14*     34%         5
 Lightning Bolt           Conj/Air       24%        1d39      34%         5
 Silence                  Hex/Air        24%        N/A       34%         5
 Yara's Violent Unravell  Hex/Tmut       24%        3d11      34%         5
 Freezing Cloud           Conj/Ice/Air   24%        6-21      89%         6
 Simulacrum               Ice/Necr       24%        N/A       89%         6
 Ozocubu's Refrigeration  Ice            24%        4d9       100%        7
 Discord                  Hex            24%        N/A       100%        8


Dungeon Overview and Level Annotations

Branches:
Dungeon (15/15)            Temple (0/1) D:4            Lair (6/6) D:11
 Shoals (0/4) Lair:3       Spider (4/4) Lair:4        Slime (0/5) Lair:5
    Orc (2/2) D:10            Elf (0/3) Orc:2        Vaults (3/5) D:13
 Depths (0/5) D:15         Bailey (visited)
  Crypt: Vaults:2-3

Altars:
Dithmenos
Gozag
Hepliaklqana
Makhleb
Ru
Sif Muna
Uskayaw
Wu Jian
Xom
Yredelemnul
Zin
Jiyva

Shops:
D:3 *   D:6 *   D:10 (   D:11 *   D:12 (   Orc:2 [[=[(   Vaults:1 ?[!=
Vaults:2 (*(

Portals:
Trove: D:15 (give +2 gold dragon scales)

Annotations:
Spider:4 corrupted


Innate Abilities, Weirdness & Mutations

You have very sharp teeth.
Your uncanny sense of smell can sniff out nearby items.
Your experience applies equally to all skills.
You are partially covered in iridescent scales. (AC +2)
Your body often deteriorates upon taking damage.
You are dopey. (Int -2)
You do not regenerate when monsters are visible.
Your muscles are strong. (Str +2)


Message History

You block the vault warden's attack.
The vault warden hits you but does no damage.
You slice the vault warden like a ripe choko!!!
You burn the vault warden!
The vault warden is almost dead.
You hit the ironbound beastmaster. You burn the ironbound beastmaster.
You hit the vault warden. You burn the vault warden.
You block the ironbound beastmaster's attack.
A vault warden opens the door.
You slice the vault warden!! You burn the vault warden.
You kill the vault warden!
Lugonu accepts your kill.
You barely miss the vault warden.
You completely miss the ironbound beastmaster.
You block the ironbound beastmaster's attack.
Unknown command.
You closely miss the vault warden.
The vault warden is severely wounded.
You barely miss the ironbound beastmaster.
You hear a shout!
You block the vault warden's attack.
The ironbound beastmaster hits you with a +0 whip.
* * * LOW HITPOINT WARNING * * *
You slash the vault warden! You burn the vault warden.
The vault warden is almost dead.
You barely miss the ironbound beastmaster.
The vault warden activates a sealing rune.
A door slams shut!
The ironbound beastmaster closely misses you.
A deep troll comes into view.
You hit the vault warden. You burn the vault warden.
The vault warden is almost dead.
You closely miss the ironbound beastmaster.
You block the vault warden's attack. The ironbound beastmaster misses you.
Unknown command.
You barely miss the vault warden.
The vault warden is almost dead.
You hit the ironbound beastmaster. You burn the ironbound beastmaster.
The vault warden hits you with a +0 dire flail!!!
You die...

#...'^......##....##
#...#.......##...##
#...##############
#...### # #...#.. .#
#...#.. .# #...#cT
..###+
#...##p##......
#...#pp@)...#
#...###+###.#
#...')....# ∆
#...#.....#
#...#.....#
#...####### #...#
#...# #...#


You could see a vault warden (strong), a deep troll, an ironbound beastmaster
(strong), an ironbound convoker (strong) and a yaktaur (strong).

Vanquished Creatures
  Jorgrun (D:11)
  A sphinx (Vaults:1)
  A tengu reaver (Vaults:2)
  A fire giant (Vaults:2)
  6 ghost moths
  7 vault wardens
  2 emperor scorpions (Spider:4)
  9 ironbound preservers
  A stone giant (D:10)
  A very ugly thing (Vaults:2)
  7 dire elephants
  The ghost of Biklutre the Basher, a journeyman MiFi of Ashenzari (D:15)
  Nessos (D:15)
  4 entropy weavers
  Azrael (Orc:2)
  6 spark wasps
  A great orb of eyes (Vaults:1)
  5 yaktaur captains
  4 ettins
  The ghost of kuniqs the Fighter, a journeyman DsEE of Vehumet (D:11)
  5 hydras
  3 ironbound thunderhulks
  Erolcha (D:11)
  3 vault guards
  5 boulder beetles
  Harold (D:11)
  7 ironbound frosthearts
  4 ogre magi
  Erica (D:8)
  5 catoblepae
  23 two-headed ogres
  An ice dragon (D:10)
  A death knight (D:14)
  15 centaur warriors
  2 dancing weapons (D:13)
  A tengu warrior (D:8)
  An orc high priest (Orc:2)
  7 death yaks
  A deep troll earth mage (Vaults:3)
  3 ironbound beastmasters
  Urug (D:11)
  A skeletal warrior (D:14)
  28 deep trolls
  A glowing orange brain (shapeshifter) (D:15)
  8 ironbound convokers
  3 orc knights
  2 wizards (Vaults:1)
  6 harpies
  A deep elf archer (Spider:1)
  Pikel (D:8)
  2 phantasmal warriors
  7 orb spiders
  14 ugly things
  A stone giant zombie (Vaults:2)
  4 necromancers
  3 deep elf pyromancers
  6 orc sorcerers
  9 wolf spiders
  3 cyclopes
  6 elephants (Lair:6)
  A sphinx skeleton (Vaults:2)
  7 vault sentinels
  4 black mambas
  3 torpor snails
  2 gargoyles
  A naga mage (D:15)
  12 cane toads
  5 rime drakes
  3 kobold demonologists (D:13)
  7 komodo dragons
  A freezing wraith (D:14)
  15 yaktaurs
  9 demonic crawlers
  2 human skeletons
  22 jumping spiders
  6 polar bears (Lair:6)
  12 hornets
  30 blink frogs
  A raiju (shapeshifter) (D:15)
  A wolf spider simulacrum (D:15)
  12 trolls
  7 dream sheep
  18 slime creatures
  An ettin zombie (Vaults:3)
  A stone giant simulacrum (Vaults:3)
  3 shadows
  19 tarantellas
  42 redbacks
  16 spriggans (Lair:6)
  A vampire (D:12)
  4 wyverns
  34 yaks
  6 basilisks
  Eustachio (D:4)
  9 wraiths
  4 fire elementals (Orc:2)
  A human simulacrum (Vaults:3)
  14 vampire mosquitoes
  Menkaure (D:7)
  A warg (Orc:2)
  14 water moccasins
  An acid dragon (D:9)
  4 hell hounds
  6 black bears
  22 orc warriors
  4 ice beasts
  A hornet zombie (D:6)
  2 necrophages
  7 boggarts
  12 centaurs
  24 ogres
  69 wolves
  4 kobold brigands
  A gnoll sergeant (D:10)
  Blork the orc (D:4)
  12 bullfrogs
  A wyvern zombie (D:8)
  A wyvern skeleton (D:6)
  2 water moccasin skeletons (D:6)
  15 wights
  2 electric eels (Lair:1)
  A howler monkey (D:2)
  8 centaur zombies
  12 orc priests
  A gnoll shaman (D:4)
  2 hounds
  3 jellies
  4 centaur skeletons
  An iguana (D:6)
  Terence (D:2)
  15 orc wizards
  Natasha (D:2)
  A killer bee zombie (D:6)
  A howler monkey zombie (D:9)
  5 gnolls
  5 adders
  A white imp (D:5)
  An ufetubus (D:4)
  An adder skeleton (D:4)
  A worm (D:2)
  4 dart slugs
  59 orcs
  2 bats
  6 endoplasms
  2 giant cockroaches (D:3)
  10 goblins
  5 hobgoblins
  6 jackals (D:5)
  27 kobolds
  4 quokkas
  7 ball pythons
  2 frilled lizards
  9 rats
1010 creatures vanquished.

Vanquished Creatures (others)
  Asterion (Spider:4)
  2 entropy weavers (Spider:4)
  8 wolf spiders (Spider:4)
  3 orb spiders (Spider:4)
  A vault sentinel (Vaults:2)
  A demonic crawler (Spider:4)
  13 jumping spiders (Spider:4)
  A hornet (Spider:4)
  14 redbacks (Spider:4)
  9 tarantellas (Spider:4)
  An orc (Orc:2)
  27 fungi
  86 plants
  18 starspawn tentacles
185 creatures vanquished.

Grand Total: 1195 creatures vanquished

Notes
Turn   | Place    | Note
-------+----------+-------------------------------------------
     0 | Abyss:1  | Gargoyl the Gnoll Abyssal Knight began the quest for the
                  | Orb.
     0 | Abyss:1  | Reached XP level 1. HP: 23/23 MP: 3/3
    29 | Abyss:1  | Noticed a quasit
    98 | Abyss:2  | Noticed a spatial vortex
    98 | Abyss:2  | Noticed a spatial maelstrom
    99 | Abyss:2  | Noticed a spatial vortex
   100 | Abyss:2  | Noticed a tentacled starspawn
   103 | Abyss:2  | Noticed a sixfirhy
   104 | Abyss:2  | Noticed a spatial vortex
   105 | Abyss:2  | Noticed a spatial vortex
   105 | Abyss:2  | Noticed a raiju
   105 | Abyss:2  | Noticed a raiju
   105 | Abyss:2  | Noticed a raiju
   106 | D:1      | Escaped the Abyss
   395 | D:1      | Reached XP level 2. HP: 24/29 MP: 5/5
   756 | D:2      | Reached * piety under Lugonu
   968 | D:2      | Reached XP level 3. HP: 17/35 MP: 6/6
  1471 | D:2      | Noticed Natasha
  1485 | D:2      | Killed Natasha
  1486 | D:2      | Reached skill level 1 in Short Blades
  1486 | D:2      | Reached skill level 1 in Long Blades
  1486 | D:2      | Reached skill level 1 in Maces & Flails
  1486 | D:2      | Reached skill level 1 in Polearms
  1486 | D:2      | Reached skill level 1 in Staves
  1486 | D:2      | Reached skill level 1 in Slings
  1486 | D:2      | Reached skill level 1 in Bows
  1486 | D:2      | Reached skill level 1 in Crossbows
  1486 | D:2      | Reached skill level 1 in Throwing
  1486 | D:2      | Reached skill level 1 in Stealth
  1486 | D:2      | Reached skill level 1 in Shields
  1486 | D:2      | Reached skill level 1 in Unarmed Combat
  1486 | D:2      | Reached skill level 1 in Spellcasting
  1486 | D:2      | Reached skill level 1 in Evocations
  1486 | D:2      | Reached XP level 4. HP: 35/41 MP: 7/7
  1577 | D:2      | Noticed Terence
  1589 | D:2      | Killed Terence
  1590 | D:2      | Reached skill level 1 in Conjurations
  1590 | D:2      | Reached skill level 1 in Hexes
  1590 | D:2      | Reached skill level 1 in Summonings
  1590 | D:2      | Reached skill level 1 in Necromancy
  1590 | D:2      | Reached skill level 1 in Translocations
  1590 | D:2      | Reached skill level 1 in Transmutations
  1590 | D:2      | Reached skill level 1 in Fire Magic
  1590 | D:2      | Reached skill level 1 in Ice Magic
  1590 | D:2      | Reached skill level 1 in Air Magic
  1590 | D:2      | Reached skill level 1 in Earth Magic
  1590 | D:2      | Reached skill level 1 in Poison Magic
  1998 | D:2      | Reached XP level 5. HP: 36/47 MP: 4/8
  2414 | D:3      | Reached ** piety under Lugonu
  2556 | D:3      | Found a faded altar of an unknown god.
  2556 | D:3      | Found Nasot's Assorted Antiques.
  2690 | D:4      | Noticed a necrophage
  2712 | D:4      | Killed a necrophage
  2713 | D:4      | Reached skill level 5 in Invocations
  2713 | D:4      | Reached XP level 6. HP: 33/53 MP: 4/9
  2718 | D:4      | Reached skill level 5 in Axes
  2718 | D:4      | Reached skill level 5 in Armour
  2826 | D:4      | Found a staircase to the Ecumenical Temple.
  2945 | D:3      | Bought a glowing cloak for 195 gold pieces
  3097 | D:4      | HP: 3/79 [frozen (3)]
  3099 | D:4      | HP: 1/79 [poisoned by a gnoll shaman]
  3117 | D:4      | HP: 2/53 [gnoll/+0 spear (1)]
  3500 | D:4      | Noticed Eustachio
  3511 | D:4      | Killed Eustachio
  3512 | D:4      | Reached XP level 7. HP: 60/60 MP: 10/10
  3659 | D:4      | Identified the +13 plate armour of Fortification {Int+4}
  3735 | D:4      | Noticed Blork the orc
  3749 | D:4      | Killed Blork the orc
  3792 | D:4      | You fall into a shaft and drop 3 floors!
  3875 | D:6      | Found Boetta's Assorted Antiques.
  3882 | D:5      | Entered Level 5 of the Dungeon
  3908 | D:5      | Reached XP level 8. HP: 58/67 MP: 9/12
  4493 | D:5      | Reached *** piety under Lugonu
  4586 | D:5      | Found a glowing silver altar of Zin.
  4586 | D:5      | Found a hazy altar of Hepliaklqana.
  4964 | D:5      | Found an opulent altar of Gozag.
  4965 | D:5      | Found a shimmering blue altar of Sif Muna.
  4969 | D:5      | Found an ornate altar of the Wu Jian Council.
  4971 | D:5      | Found a shadowy altar of Dithmenos.
  4975 | D:5      | Found a burning altar of Makhleb.
  5059 | D:6      | Bought a tiny garnet amulet for 125 gold pieces
  5260 | D:6      | Reached XP level 9. HP: 73/73 MP: 14/14
  5380 | D:6      | Found a hide-covered altar of Uskayaw.
  5389 | D:6      | Found a sacrificial altar of Ru.
  5598 | D:6      | Reached skill level 5 in Dodging
  6253 | D:7      | Identified the +0 rapier of Rubbish {protect, rPois}
  6305 | D:7      | Found a shimmering altar of Xom.
  6305 | D:7      | Found a shimmering altar of Xom.
  6306 | D:7      | Found a shimmering altar of Xom.
  6306 | D:7      | Found a shimmering altar of Xom.
  6315 | D:7      | Found a shimmering altar of Xom.
  6315 | D:7      | Found a shimmering altar of Xom.
  6317 | D:7      | Found a shimmering altar of Xom.
  6317 | D:7      | Found a shimmering altar of Xom.
  6329 | D:7      | Noticed Menkaure
  6333 | D:7      | Killed Menkaure
  6333 | D:7      | Reached **** piety under Lugonu
  6716 | D:7      | Noticed an anaconda
  6716 | D:7      | a snapping turtle changed into an anaconda
  6957 | D:8      | Noticed Erica
  6977 | D:8      | Killed Erica
  6978 | D:8      | Reached skill level 5 in Short Blades
  6978 | D:8      | Reached skill level 5 in Long Blades
  6978 | D:8      | Reached skill level 5 in Maces & Flails
  6978 | D:8      | Reached skill level 5 in Polearms
  6978 | D:8      | Reached skill level 5 in Staves
  6978 | D:8      | Reached skill level 5 in Slings
  6978 | D:8      | Reached skill level 5 in Bows
  6978 | D:8      | Reached skill level 5 in Crossbows
  6978 | D:8      | Reached skill level 5 in Throwing
  6978 | D:8      | Reached skill level 5 in Stealth
  6978 | D:8      | Reached skill level 5 in Shields
  6978 | D:8      | Reached skill level 5 in Unarmed Combat
  6978 | D:8      | Reached skill level 5 in Spellcasting
  6978 | D:8      | Reached skill level 5 in Evocations
  6978 | D:8      | Reached XP level 10. HP: 70/81 MP: 15/17
  7166 | D:8      | Noticed Pikel
  7183 | D:8      | Killed Pikel
  7236 | D:8      | Identified Xamataif's Volume of the Snowflakes and Ignition
  7773 | D:9      | Found a basalt altar of Yredelemnul.
  7959 | D:9      | Noticed a tengu warrior
  7959 | D:9      | Noticed a centaur warrior
  7960 | D:9      | Noticed a catoblepas
  8019 | D:8      | Killed a tengu warrior
  8086 | D:9      | Killed a centaur warrior
  8087 | D:9      | Reached XP level 11. HP: 66/87 MP: 12/19
  8104 | D:9      | Noticed a centaur warrior
  8235 | D:8      | Killed a catoblepas
  8236 | D:8      | Reached skill level 5 in Conjurations
  8236 | D:8      | Reached skill level 5 in Hexes
  8236 | D:8      | Reached skill level 5 in Summonings
  8236 | D:8      | Reached skill level 5 in Necromancy
  8236 | D:8      | Reached skill level 5 in Translocations
  8236 | D:8      | Reached skill level 5 in Transmutations
  8236 | D:8      | Reached skill level 5 in Fire Magic
  8236 | D:8      | Reached skill level 5 in Ice Magic
  8236 | D:8      | Reached skill level 5 in Air Magic
  8236 | D:8      | Reached skill level 5 in Earth Magic
  8236 | D:8      | Reached skill level 5 in Poison Magic
  8284 | D:9      | Killed a centaur warrior
  8550 | D:9      | Reached ***** piety under Lugonu
  8810 | D:9      | Identified the Guide on Sinister Magic and the Mountains
  8858 | D:10     | Entered Level 10 of the Dungeon
  8858 | D:10     | Found a staircase to the Orcish Mines.
  8970 | D:10     | Paralysed by an orc for 2 turns
  9182 | D:10     | Noticed a centaur warrior
  9194 | D:10     | Killed a centaur warrior
  9313 | D:10     | Noticed an ice dragon
  9336 | D:10     | Killed an ice dragon
  9734 | D:10     | Found Kixtihoq's Antique Weapon Emporium.
  9972 | D:10     | Noticed a stone giant
  9984 | D:10     | Killed a stone giant
  9985 | D:10     | Reached XP level 12. HP: 56/96 MP: 13/22
 10145 | D:10     | Identified the +7 hand axe of Igiorry {speed, rC- Dex+4
                  | SInv Stlth+}
 10506 | D:11     | Noticed Urug
 10517 | D:11     | Killed Urug
 10727 | D:11     | Noticed Erolcha
 10728 | D:11     | Cast into level 2 of the Abyss (Erolcha)
 10758 | D:11     | Escaped the Abyss
 10766 | D:11     | Killed Erolcha
 10911 | D:11     | Identified the +6 dagger of Spite {freeze, Dex+4}
 10955 | D:11     | Noticed a six-headed hydra
 11125 | D:11     | Noticed a two-headed ogre
 11138 | D:11     | Killed a two-headed ogre
 11320 | D:11     | Identified the +8 war axe "Lurhear" {flame, rElec}
 11458 | D:11     | Noticed Harold
 11473 | D:11     | Killed Harold
 11627 | D:11     | Found a staircase to the Lair.
 11735 | D:11     | Found a runed translucent gate.
 11735 | D:11     | Found a runed translucent gate.
 11735 | D:11     | Found a runed translucent gate.
 11778 | D:11     | Found Zin's Purification Station.
 11789 | D:11     | Found a glowing silver altar of Zin.
 11826 | D:11     | Noticed a two-headed ogre
 11834 | D:11     | Killed a two-headed ogre
 12033 | D:11     | Noticed a centaur warrior
 12037 | D:11     | Killed a centaur warrior
 12038 | D:11     | Reached skill level 10 in Fighting
 12170 | D:11     | Noticed kuniqs's ghost (journeyman DsEE)
 12193 | D:11     | Killed kuniqs's ghost
 12530 | Lair:1   | Entered Level 1 of the Lair of Beasts
 12634 | Lair:1   | You fall into a shaft and drop 1 floor!
 12662 | Lair:2   | Reached XP level 13. HP: 66/103 MP: 24/24
 12902 | Lair:1   | Identified a scroll of acquirement
 12902 | Lair:1   | Acquired the ring of Feyczu {rElec rF+ Int+2 Slay+4}
 13946 | Lair:2   | Reached skill level 10 in Invocations
 14294 | Lair:3   | Gained mutation: You are frail. (-10% HP) [potion of
                  | mutation]
 14294 | Lair:3   | Gained mutation: Your flesh is heat resistant. (rF+)
                  | [potion of mutation]
 15216 | Lair:3   | Found a staircase to the Shoals.
 15604 | Lair:4   | Found a hole to the Spider Nest.
 16273 | Lair:4   | Reached XP level 14. HP: 99/99 MP: 26/26
 16276 | Lair:4   | Reached ****** piety under Lugonu
 16401 | Lair:4   | Reached skill level 10 in Axes
 16401 | Lair:4   | Reached skill level 10 in Armour
 17124 | Lair:5   | You fall into a shaft and drop 1 floor!
 17124 | Lair:6   | Entered Level 6 of the Lair of Beasts
 17222 | Lair:5   | Found a staircase to the Slime Pits.
 17223 | Lair:5   | Found a viscous altar of Jiyva.
 17254 | Lair:5   | You fall into a shaft and drop 1 floor!
 17781 | Lair:5   | Identified the +0 helmet of Purpose {rC+ rCorr}
 18853 | Lair:6   | Reached skill level 10 in Dodging
 18917 | Lair:6   | Identified the +7 rapier of Destiny {venom, Int+3}
 19045 | Lair:6   | Reached XP level 15. HP: 91/107 MP: 28/28
 19189 | Lair:6   | Reached skill level 10 in Translocations
 19970 | D:12     | Found a flagged portal.
 19980 | Bailey   | Entered a bailey
 20139 | Bailey   | Found an iron altar of Okawaru.
 20378 | D:12     | Reached skill level 10 in Short Blades
 20378 | D:12     | Reached skill level 10 in Long Blades
 20378 | D:12     | Reached skill level 10 in Maces & Flails
 20378 | D:12     | Reached skill level 10 in Polearms
 20378 | D:12     | Reached skill level 10 in Staves
 20378 | D:12     | Reached skill level 10 in Slings
 20378 | D:12     | Reached skill level 10 in Bows
 20378 | D:12     | Reached skill level 10 in Crossbows
 20378 | D:12     | Reached skill level 10 in Throwing
 20378 | D:12     | Reached skill level 10 in Stealth
 20378 | D:12     | Reached skill level 10 in Shields
 20378 | D:12     | Reached skill level 10 in Unarmed Combat
 20378 | D:12     | Reached skill level 10 in Spellcasting
 20378 | D:12     | Reached skill level 10 in Evocations
 20608 | D:12     | Noticed Jorgrun
 20847 | D:11     | Killed Jorgrun
 21046 | D:12     | Found Efocsoukh's Antique Weapon Shop.
 21883 | D:13     | Found a gate to the Vaults.
 22706 | D:14     | Identified the +10 flail "Killer Klown's Bane" {holy,
                  | +Blink rElec rPois}
 23280 | D:15     | Entered Level 15 of the Dungeon
 23330 | D:15     | Found a portal to a secret trove of treasure.
 23644 | D:15     | Reached XP level 16. HP: 114/114 MP: 30/30
 23889 | D:15     | Found a transporter.
 23904 | D:15     | Noticed Biklutre's ghost (journeyman MiFi)
 23904 | D:15     | Identified the +5 great mace "Onoul" {vamp, Int+6}
 23904 | D:15     | Identified the +3 great mace of Extinguishment {vorpal,
                  | rN+}
 23905 | D:15     | Found a transporter.
 24811 | D:15     | Noticed Nessos
 24820 | D:15     | Killed Nessos
 24929 | D:15     | Found a hazy altar of Hepliaklqana.
 25201 | D:15     | Paralysed by an orc sorcerer for 4 turns
 25444 | D:15     | Found a staircase to the Depths.
 25722 | D:15     | Killed Biklutre's ghost
 26041 | D:15     | Lost mutation: You are frail. (-10% HP) [potion of
                  | mutation]
 26041 | D:15     | Gained mutation: You are dopey. (Int -2) [potion of
                  | mutation]
 26041 | D:15     | Gained mutation: You do not regenerate when monsters are
                  | visible. [potion of mutation]
 26041 | D:15     | Gained mutation: Your spells are a little harder to cast,
                  | but a little more powerful. [potion of mutation]
 26042 | D:15     | Lost mutation: Your flesh is heat resistant. (rF+) [potion
                  | of mutation]
 26042 | D:15     | Lost mutation: Your spells are a little harder to cast, but
                  | a little more powerful. [potion of mutation]
 26042 | D:15     | Gained mutation: You are strong-willed. (Will+) [potion of
                  | mutation]
 26042 | D:15     | Gained mutation: Your body sometimes deteriorates upon
                  | taking damage. [potion of mutation]
 26042 | D:15     | Gained mutation: Your muscles are strong. (Str +2) [potion
                  | of mutation]
 26043 | D:15     | Lost mutation: You are strong-willed. (Will+) [potion of
                  | mutation]
 26043 | D:15     | Gained mutation: Your body often deteriorates upon taking
                  | damage. [potion of mutation]
 26043 | D:15     | Gained mutation: You are partially covered in iridescent
                  | scales. (AC +2) [potion of mutation]
 26191 | Orc:1    | Entered Level 1 of the Orcish Mines
 26535 | Orc:2    | Entered Level 2 of the Orcish Mines
 27496 | Orc:2    | Found Rozxubu's Antique Armour Emporium.
 27502 | Orc:2    | Found Jarphof's Jewellery Emporium.
 27509 | Orc:2    | Found Heebim's Antique Armour Boutique.
 27579 | Orc:2    | Found Ingut's Armour Shoppe.
 27752 | Orc:2    | Paralysed by an orc sorcerer for 4 turns
 28064 | Orc:2    | Found Voces's Weapon Boutique.
 28064 | Orc:2    | Found a staircase to the Elven Halls.
 28078 | Orc:2    | Noticed Azrael
 28097 | Orc:2    | Killed Azrael
 28685 | Spider:1 | Entered Level 1 of the Spider Nest
 28811 | Spider:1 | Reached XP level 17. HP: 135/135 MP: 32/32
 33970 | Spider:3 | HP: 2/136 [entropy weaver (10)]
 35115 | Spider:3 | Reached skill level 10 in Conjurations
 35115 | Spider:3 | Reached skill level 10 in Hexes
 35115 | Spider:3 | Reached skill level 10 in Summonings
 35115 | Spider:3 | Reached skill level 10 in Necromancy
 35115 | Spider:3 | Reached skill level 10 in Transmutations
 35115 | Spider:3 | Reached skill level 10 in Fire Magic
 35115 | Spider:3 | Reached skill level 10 in Ice Magic
 35115 | Spider:3 | Reached skill level 10 in Air Magic
 35115 | Spider:3 | Reached skill level 10 in Earth Magic
 35115 | Spider:3 | Reached skill level 10 in Poison Magic
 35374 | Spider:4 | Entered Level 4 of the Spider Nest
 35704 | Spider:4 | Corrupted Spider:4
 35704 | Spider:4 | Noticed a tentacled starspawn
 35705 | Spider:4 | Noticed Asterion
 35707 | Spider:4 | Noticed a tentacled starspawn
 35711 | Spider:4 | Noticed a tentacled starspawn
 35716 | Spider:4 | Killed Asterion
 37549 | Spider:4 | Got a gossamer rune of Zot
 37577 | Spider:4 | Reached XP level 18. HP: 83/143 MP: 0/33
 38122 | Vaults:1 | Entered Level 1 of the Vaults
 38808 | Abyss:1  | Noticed a bone dragon
 38853 | Vaults:1 | Escaped the Abyss
 39912 | Vaults:1 | Found Vohinuli's Jewellery Shoppe.
 39968 | Vaults:1 | Bought the ring of Knowledge {rCorr Dex+4 Slay+4} for 991
                  | gold pieces
 39975 | Vaults:1 | Found Pouh's Magic Scroll Shop.
 39977 | Vaults:1 | Found Xulu's Distillery.
 39983 | Vaults:1 | Bought a scroll of acquirement for 780 gold pieces
 39990 | Vaults:1 | Bought 2 potions of heal wounds for 150 gold pieces
 39990 | Vaults:1 | Bought a potion of curing for 45 gold pieces
 39990 | Vaults:1 | Bought a potion of curing for 45 gold pieces
 40372 | Vaults:1 | HP: 4/144 [dire elephant[an ironbound beastmaster] (10)]
 40428 | Vaults:1 | HP: 6/144 [yaktaur/bolt[a vault warden] (13)]
 40906 | Vaults:1 | Found Anezasib's Antique Armour Boutique.
 40986 | Vaults:1 | Acquired the +3 chain mail of the Black Moon {rElec rC+ rN+
                  | Int+4}
 41003 | Vaults:1 | Bought a pair of glowing boots for 300 gold pieces
 42685 | Vaults:2 | Reached XP level 19. HP: 95/151 MP: 35/35
 43825 | Vaults:2 | Found Jelungu's General Store.
 43825 | Vaults:2 | Found Ewujulal's Antique Weapon Emporium.
 43827 | Vaults:2 | Found Vuoposu's Weapon Emporium.
 43849 | Vaults:2 | Bought a scroll of teleportation for 60 gold pieces
 45013 | Vaults:3 | Slain by a vault warden

Illustrated notes

Levels and vault maps discovered:
D:1:      lightli_arrival_lavapool, layout_rooms, minmay_misc_feat_rows
D:2:      layout_rooms, grunt_ministairs_8, lexackson_kobold_supper,
          uniq_natasha, uniq_terence
D:3:      layout_rooms, serial_shops, shop, chequers_ecumenical_altar_simple
D:4:      layout_loops_ring, minmay_temple_entry_hall, uniq_blork_the_orc,
          uniq_eustachio
D:5:      layout_cave_pools, minitemple, amethyst_overflow_temple_binary,
          gup_sewer_entry_glass
D:6:      layout_basic, jmf_multi_god_temple, serial_shops,
          nicolae_shop_statue_plus
D:7:      layout_basic, xom_shifter_show, uniq_menkaure
D:8:      layout_rooms, uniq_erica, uniq_pikel
D:9:      minmay_blocky_corners, layout_basic, yredelemnul_altar_generic
D:10:     minmay_the_grid_plus_closed [minmay_the_grid_diamond_grid,
          minmay_the_grid_dragon_a, minmay_the_grid_minigrid_small,
          minmay_the_grid_tree, minmay_the_grid_prize_diamond_cup],
          layout_loops_ring, david_orc_3, serial_shops, shop_coins
D:11:     layout_grid_maze, lair_entry_dummy, gammafunk_ghost_spectres,
          zin_purify, uniq_erolcha, uniq_urug, uniq_harold
D:12:     layout_stronghold, serial_shops, shop, serial_glass, glass_columns_a,
          glass_columns_b, glass_columns_a, glass_columns_a, glass_columns_c,
          glass_columns_a, glass_columns_a, glass_columns_a, enter_bailey_3,
          uniq_jorgrun
D:13:     layout_rooms, erik_vaults_1
D:14:     layout_small_grid, chequers_serial_rivers_micro_e
D:15:     grunt_enter_depths_magical_seal, layout_loops_ring,
          gammafunk_ghost_smash, nicolae_hepliaklqana_hippocampus,
          enter_trove_6, serial_rivers, chequers_serial_rivers_micro_b,
          chequers_serial_rivers_micro_e, chequers_serial_rivers_marsh,
          chequers_serial_rivers_micro_c, uniq_nessos
Lair:1:   layout_hall_layers, minivault_26, minivault_27, nzn_sisyphean_effort,
          serial_bayou_shore_a, grunt_megastairs_3, infiniplex_staircase_pool
Lair:2:   layout_small_grid, grunt_megastairs_2
Lair:3:   layout_roguey, shoals_dummy_entry, grunt_forest_large_clearings
Lair:4:   layout_gridlike, spider_nest_entry_web_field, nicolae_lair_yak_garden
Lair:5:   layout_roguey, slime_altar_1, gauntlet_entry_generic,
          infiniplex_staircase_pool_2, minmay_lair_oklob_chamber
Lair:6:   minmay_lair_end_enchanted_forest, layout_cave_shapes,
          serial_bayou_pond_c, nicolae_quartered_pool_medium,
          cheibrodos_lair_lostbears
Spider:1: layout_chambers, beargit_elvish_explorers
Spider:2: layout_chambers
Spider:3: layout_chambers, nicolae_spider_some_kinda_spiderbox
Spider:4: grunt_spider_rune_parallel, nicolae_spider_cling_ruins,
          nicolae_spider_stair_cavern, uniq_asterion
Orc:1:    layout_caves
Orc:2:    st_orc_open, layout_caves, serial_shops, shop, uniq_azrael
Vaults:1: nicolae_vaults_network_quinsquares
          [nicolae_vaults_network_quincunx_subvault,
          nicolae_vaults_network_quincunx_subvault,
          nicolae_vaults_network_quincunx_subvault,
          nicolae_vaults_network_quincunx_subvault], v_misc_8, vaults_mumra_lcd,
          nicolae_vaults_ring_of_whatevers, ontoclasm_vaults_bender,
          nicolae_vaults_border_crossing, hangedman_vaults_cutoff, v_misc_22,
          v_misc_5, v_pattern_3, vaults_dpeg_hooks, vaults_dpeg_ring,
          layout_vaults_big_room, serial_shops, shop, nicolae_shop_trees, shop,
          nicolae_shop_stone
Vaults:2: ontoclasm_vaults_tryst, vaults_dpeg_doors,
          hangedman_vaults_hard_town_square, hangedman_vaults_trim,
          ontoclasm_vaults_hangar, vaults_mumra_chevron_long, v_misc_16,
          vaults_dpeg_encased_lava, nicolae_vaults_network_square,
          hangedman_vaults_locks, nicolae_vaults_yaktaur_gun_rack,
          dpeg_vaults_monster_box, ontoclasm_vaults_misaligned, v_misc_3,
          v_misc_15, layout_vaults_maze_snakey
Vaults:3: v_misc_32, v_misc_24, grunt_vaults_hallway_long,
          ontoclasm_vaults_shout, v_rooms_1, v_pattern_5,
          minmay_crypt_entry_necro_gods, nicolae_vaults_diagonal_hallway_6,
          v_misc_8, nicolae_vaults_little_squares_4, v_misc_30, v_misc_10,
          vaults_room_corners, layout_vaults_big_cross

Skill      XL: |  1  2  3  4  5  6  7  8  9 10 11 12 13 14 15 16 17 18 19 |
---------------+----------------------------------------------------------+-----
Short Blades   | 1 2 3 5 6 7 8 9 10 11 12 | 12.9
Long Blades    | 1 2 3 5 6 7 8 9 10 11 12 | 12.9
Maces & Flails | 1 2 3 5 6 7 8 9 10 11 12 | 12.9
Polearms       | 1 2 3 5 6 7 8 9 10 11 12 | 12.9
Staves         | 1 2 3 5 6 7 8 9 10 11 12 | 12.9
Slings         | 1 2 3 5 6 7 8 9 10 11 12 | 12.9
Bows           | 1 2 3 5 6 7 8 9 10 11 12 | 12.9
Crossbows      | 1 2 3 5 6 7 8 9 10 11 12 | 12.9
Throwing       | 1 2 3 5 6 7 8 9 10 11 12 | 12.9
Stealth        | 1 2 3 5 6 7 8 9 10 11 12 | 12.9
Shields        | 1 2 3 5 6 7 8 9 10 11 12 | 12.9
Unarmed Combat | 1 2 3 5 6 7 8 9 10 11 12 | 12.9
Spellcasting   | 1 2 3 5 6 7 8 9 10 11 12 | 12.9
Evocations     | 1 2 3 5 6 7 8 9 10 11 12 | 12.9
Conjurations   | 1 2 3 4 5 6 7 8 9 10 11 | 11.0
Hexes          | 1 2 3 4 5 6 7 8 9 10 11 | 11.0
Summonings     | 1 2 3 4 5 6 7 8 9 10 11 | 11.0
Necromancy     | 1 2 3 4 5 6 7 8 9 10 11 | 11.0
Translocations | 1 2 3 4 5 7 8 9 10 11 12 13 14 | 14.0
Transmutations | 1 2 3 4 5 6 7 8 9 10 11 | 11.0
Fire Magic     | 1 2 3 4 5 6 7 8 9 10 11 | 11.0
Ice Magic      | 1 2 3 4 5 6 7 8 9 10 11 | 11.0
Air Magic      | 1 2 3 4 5 6 7 8 9 10 11 | 11.0
Earth Magic    | 1 2 3 4 5 6 7 8 9 10 11 | 11.0
Poison Magic   | 1 2 3 4 5 6 7 8 9 10 11 | 11.0
Dodging        | 3 4 5 6 7 8 9 10 11 12 13 | 13.1
Invocations    | 5 6 7 8 9 10 11 12 13 14 | 14.5
Axes           | 5 6 7 8 9 10 11 12 13 | 13.5
Armour         | 5 6 7 8 9 10 11 12 13 | 13.5
Fighting       | 7 8 9 10 11 12 13 14 | 14.1

Action                   |  1- 3 |  4- 6 |  7- 9 | 10-12 | 13-15 | 16-18 | 19-21 || total
-------------------------+-------+-------+-------+-------+-------+-------+-------++-------
Melee: Hand axe          |   126 |   149 |       |       |       |       |       ||   275
       Bite              |    13 |    17 |    18 |    67 |   115 |   194 |    37 ||   461
       Punch             |     1 |     1 |       |       |       |       |       ||     2
       Rapier            |       |       |   255 |   459 |       |       |       ||   714
       War axe           |       |       |       |   109 |   891 |  1191 |   214 ||  2405
       Flail             |       |       |       |       |    14 |    66 |       ||    80
Throw: Dart              |       |       |     3 |     5 |     3 |    26 |       ||    37
Invok: Depart the Abyss  |     1 |       |       |     1 |       |     1 |       ||     3
       Banish            |       |       |       |       |     4 |    12 |       ||    16
       Bend Space        |       |       |       |       |     1 |    10 |       ||    11
       Corrupt           |       |       |       |       |       |     1 |       ||     1
       Enter the Abyss   |       |       |       |       |       |     1 |       ||     1
Evoke: Wand              |       |     4 |       |       |       |     1 |       ||     5
  Use: Scroll            |     2 |     3 |     5 |     4 |    13 |    18 |       ||    45
       Potion            |     1 |     3 |       |     6 |     1 |    24 |       ||    35
 Stab: Paralysed         |       |     9 |       |       |       |       |       ||     9
       Invisible         |       |       |       |     1 |       |       |       ||     1
       Petrified         |       |       |       |       |     8 |       |       ||     8
       Petrifying        |       |       |       |       |     2 |       |       ||     2
       Held in net/web   |       |       |       |       |     1 |     2 |       ||     3
       Sleeping          |       |       |       |       |       |       |     1 ||     1
Armor: Chain mail        |    81 |    72 |       |       |       |    12 |       ||   165
       Leather armour    |    11 |       |       |       |       |       |       ||    11
       Skin              |       |     9 |       |       |       |       |       ||     9
       Plate armour      |       |       |   218 |   539 |   706 |  1244 |   134 ||  2841
Dodge: Dodged            |    51 |    43 |    54 |   133 |   289 |   583 |    97 ||  1250
Block: Buckler           |       |       |    46 |    38 |       |       |       ||    84
       Kite shield       |       |       |       |   339 |  1042 |  1730 |   250 ||  3361
       Reflection        |       |       |       |     8 |    61 |    67 |     4 ||   140

Table legend: (Time is in decaauts)
 A = Elapsed time spent in this place.
 B = Non-inter-level travel time spent in this place.
 C = Inter-level travel time spent in this place.
 D = Time resting spent in this place.
 E = Time spent auto-exploring this place.
 F = Levels seen in this place.
 G = Mean time per level.
                   A        B        C        D        E       F      G
               +--------+--------+--------+--------+--------+-----+--------+
         Total |  45211 |  43277 |   1934 |   9220 |  26007 |  36 | 1255.9 |
       Dungeon |  19579 |  18534 |   1045 |   3335 |  11579 |  15 | 1305.3 |
          Lair |   8058 |   7518 |    540 |    742 |   5338 |   6 | 1343.0 |
   Spider Nest |   8811 |   8547 |    264 |   2477 |   4728 |   4 | 2202.8 |
  Orcish Mines |   2346 |   2288 |     58 |    559 |   1301 |   2 | 1173.0 |
        Vaults |   5977 |   5952 |     25 |   1978 |   2951 |   3 | 1992.3 |
         Abyss |    186 |    186 |      0 |     28 |     48 |   5 |   37.2 |
        Bailey |    251 |    251 |      0 |    100 |     61 |   1 |  251.0 |
               +--------+--------+--------+--------+--------+-----+--------+

Top non-repeatable levels by time:
Spider:3: 3042 daAuts
Vaults:2: 2860 daAuts
Vaults:1: 2529 daAuts
    D:11: 2462 daAuts
    D:15: 2451 daAuts
Spider:2: 1966 daAuts
Spider:4: 1948 daAuts
  Lair:6: 1866 daAuts
Spider:1: 1853 daAuts
    D:13: 1815 daAuts
    D:10: 1600 daAuts
  Lair:4: 1596 daAuts
   Orc:2: 1422 daAuts
  Lair:5: 1403 daAuts
    D:14: 1402 daAuts
